Map: Honorgrounds LE

Players

TimeTwist - Winner!

  • Race: Zerg Zerg
  • Spawn Location: 11:00

dallaskuken - Winner!

  • Race: Protoss Protoss
  • League: Silver
  • Spawn Location: 7:00

FrogMint

  • Race: Zerg Zerg
  • Spawn Location: 5:00

Loken

  • Race: Protoss Protoss
  • Spawn Location: 1:00

VOD

Have the link to the VOD?

Description

Time

  • Played on: March 7, 2017, 8:06 a.m.
  • Length: 13:43
Show
View Real Time Build Order
Export as new Build Order

TimeTwist Zerg - Winner!

Build Orders: Hatch First 

Get SALT Encoding   

  12  0:01  Drone  
  13  0:13  Overlord  
  13  0:23  Drone  
  14  0:31  Drone x2  
  16  0:39  Drone  
  17  0:46  Drone  
  18  0:56  Drone  
  19  1:04  Hatchery  
  19  1:08  Drone  
  19  1:18  Spawning Pool  
  19  1:22  Drone  
  19  1:29  Drone  
  20  1:39  Overlord  
  20  1:49  Extractor  
  20  1:50  Drone  
  20  2:02  Drone  
  20  2:07  Queen  
  23  2:12  Drone  
  24  2:17  Queen  
  26  2:27  Drone x2  
  28  2:40  Overlord  
  28  2:41  Drone x2  
  28  2:43  Queen  
  32  2:51  Metabolic Boost  
  32  2:53  Queen  
  32  2:58  Drone, Overlord  
  35  2:59  Drone  
  36  3:18  Drone x3  
  36  3:19  Drone x2, Overlord  
  41  3:22  Queen  
  43  3:29  Drone x3  
  43  3:30  Drone  
  47  3:47  Extractor  
  46  4:03  Zergling x4  
  46  4:04  Zergling x14  
  46  4:05  Zergling x4  
  57  4:10  Lair  
  57  4:13  Zergling x2  
  58  4:18  Zergling x4  
  60  4:27  Extractor x2  
  58  4:43  Overlord x3  
  58  4:44  Drone x2  
  53  5:08  Zergling x10  
  53  5:09  Zergling x2  
  53  5:13  Spire  
  58  5:26  Zergling x2  
  58  5:27  Zergling x4  
  61  5:34  Drone  
  62  5:38  Hatchery  
  54  6:05  Overlord  
  54  6:06  Drone x5  
  54  6:07  Drone  
  60  6:22  Hatchery  
  58  6:40  Zergling x14  
  58  6:41  Zergling x4  
  61  7:07  Mutalisk x4  
  61  7:08  Mutalisk x4  
  54  7:21  Mutalisk x4  
  54  7:22  Mutalisk  
  56  7:39  Mutalisk x2  
  60  7:56  Hatchery  
  59  7:58  Zergling x2  
  59  7:59  Zergling x14  
  59  8:00  Zergling x2  
  65  8:22  Zergling x6  
  65  8:23  Zergling x2  
  69  8:37  Zergling x2  
  69  8:38  Zergling x12  
  69  8:41  Mutalisk  
  65  9:15  Mutalisk x2  
  65  9:16  Mutalisk x2  
  72  9:27  Mutalisk  
  47  10:16  Drone x2  
  47  10:17  Drone x6  
  47  10:18  Drone x3  
  56  10:44  Drone x3  
  58  11:05  Mutalisk x2  
  58  11:06  Mutalisk x7  
  75  11:23  Spawning Pool  
  73  11:31  Drone x5  
  73  11:32  Drone x5  
  76  11:45  Mutalisk  
  76  11:46  Mutalisk x2  
  82  11:53  Hatchery  
  82  12:08  Drone  
  82  12:09  Drone x5  
  87  12:20  Zergling x10  
  87  12:21  Zergling x4  
  94  12:26  Zergling x8, Baneling Nest  
  94  12:27  Zergling x2  
  83  13:07  Zergling x4  
  83  13:08  Zergling x14  
  83  13:09  Zergling x12  
  83  13:10  Zergling x2  
  84  13:20  Overlord x2  
Show
View Real Time Build Order
Export as new Build Order

dallaskuken Protoss - Winner!

Build Orders:  

Get SALT Encoding   

  12  0:01  Probe (Chrono Boost)  
  13  0:12  Probe (Chrono Boost)  
  14  0:25  Pylon  
  15  0:28  Probe (Chrono Boost)  
  15  0:43  Probe (Chrono Boost)  
  16  0:54  Probe (Chrono Boost)  
  17  0:57  Gateway  
  17  1:04  Probe (Chrono Boost)  
  18  1:20  Probe (Chrono Boost)  
  18  1:23  Assimilator  
  19  1:32  Pylon  
  19  1:37  Probe (Chrono Boost)  
  20  1:47  Probe (Chrono Boost)  
  20  1:50  Cybernetics Core  
  21  2:09  Zealot  
  23  2:20  Probe (Chrono Boost)  
  23  2:22  Warp Gate, Assimilator  
  24  2:29  Pylon  
  24  2:32  Zealot  
  24  2:33  Probe (Chrono Boost)  
  28  2:45  Probe (Chrono Boost)  
  28  2:57  Probe (Chrono Boost)  
  29  3:04  Gateway  
  29  3:06  Gateway  
  29  3:08  Gateway  
  29  3:25  Mothership Core (Chrono Boost)  
  31  3:40  Pylon  
  31  3:43  Pylon  
  31  3:45  Pylon, Probe (Chrono Boost)  
  32  3:48  Gateway  
  32  3:59  Pylon  
  32  4:37  Zealot x4  
  25  5:13  Stalker x2  
  25  5:14  Stalker x2  
  11  5:44  Zealot  
  11  5:45  Zealot x3  
Show
View Real Time Build Order
Export as new Build Order

FrogMint Zerg 

Build Orders: Hatch First 

Get SALT Encoding   

  12  0:02  Drone  
  13  0:09  Drone  
  14  0:18  Overlord  
  14  0:41  Drone x3  
  17  1:01  Hatchery  
  16  1:14  Spawning Pool, Drone  
  16  1:26  Drone x3  
  19  1:49  Hatchery  
  19  1:52  Drone  
  19  1:57  Drone  
  20  2:09  Drone  
  20  2:12  Queen  
  20  2:14  Overlord  
  23  2:20  Extractor  
  22  2:33  Overlord  
  22  2:36  Drone  
  23  2:38  Queen  
  23  2:39  Drone x2  
  23  2:41  Drone  
  28  3:00  Drone  
  28  3:02  Overlord  
  28  3:04  Queen  
  28  3:05  Drone  
  32  3:17  Extractor  
  31  3:21  Drone  
  31  3:25  Zergling x2  
  33  3:32  Metabolic Boost  
  33  3:44  Spine Crawler  
  32  3:50  Zergling x4  
  34  3:57  Spine Crawler  
  33  4:10  Drone x2  
  33  4:15  Drone x2  
  37  4:17  Drone x2  
  37  4:19  Drone  
  37  4:20  Drone x3  
  37  4:21  Overlord x2  
  43  4:28  Zergling x6  
  43  4:29  Zergling x4  
  48  4:41  Queen  
  50  4:53  Zergling x10  
  55  5:03  Zergling x10  
  55  5:06  Zergling x8  
  64  5:17  Queen  
  65  5:50  Drone x3  
  65  5:52  Lair  
  68  6:31  Drone x5  
  68  6:32  Overlord  
  73  6:33  Overlord x6  
  73  7:00  Spire  
  70  7:02  Zergling x2  
  70  7:03  Zergling x22  
  77  7:20  Zergling x2  
  77  7:21  Zergling x6  
  81  7:28  Zergling x2  
  81  7:29  Zergling x10  
  73  8:12  Corruptor  
  73  8:13  Corruptor x6  
  73  8:14  Corruptor x2  
  85  8:21  Corruptor  
  85  8:22  Corruptor  
  89  8:28  Extractor  
  58  9:13  Drone x4  
  58  9:14  Corruptor x3  
  62  9:36  Queen  
  57  9:44  Zergling x6  
  57  9:45  Zergling x16  
  45  10:12  Queen  
  42  10:18  Drone x3  
  42  10:20  Drone x3  
  42  10:21  Drone  
  47  10:22  Queen  
  49  10:48  Queen  
  49  10:58  Queen  
  49  11:00  Hatchery  
  51  11:04  Zergling x10  
  53  11:23  Queen  
  52  11:31  Zergling x2  
  52  11:32  Zergling x10  
  57  11:34  Queen  
  59  11:51  Zergling x14  
  66  12:41  Zergling x2  
  66  12:42  Zergling x16  
Show
View Real Time Build Order
Export as new Build Order

Loken Protoss 

Build Orders: Blink Stalkers 

Get SALT Encoding   

  12  0:15  Pylon  
  12  0:17  Probe (Chrono Boost)  
  14  0:28  Probe (Chrono Boost)  
  14  0:36  Gateway  
  14  0:39  Probe (Chrono Boost)  
  15  0:49  Probe (Chrono Boost)  
  16  1:00  Probe (Chrono Boost)  
  17  1:10  Probe (Chrono Boost)  
  18  1:12  Assimilator  
  18  1:14  Assimilator  
  18  1:21  Probe (Chrono Boost)  
  19  1:27  Cybernetics Core  
  19  1:31  Probe (Chrono Boost)  
  20  1:35  Pylon  
  20  1:42  Probe (Chrono Boost)  
  21  1:51  Warp Gate  
  21  1:52  Probe (Chrono Boost)  
  22  1:54  Pylon  
  22  2:04  Probe (Chrono Boost)  
  23  2:27  Nexus  
  23  2:33  Probe (Chrono Boost)  
  24  2:39  Gateway  
  25  2:44  Twilight Council  
  25  2:45  Probe (Chrono Boost)  
  25  2:56  Gateway  
  25  3:04  Gateway  
  25  3:12  Gateway  
  25  3:18  Pylon  
  25  3:19  Blink  
  25  3:33  Probe (Chrono Boost)  
  26  3:41  Probe (Chrono Boost)  
  27  3:45  Probe (Chrono Boost)  
  28  3:51  Probe (Chrono Boost)  
  30  3:57  Probe (Chrono Boost)  
  30  3:59  Zealot  
  30  4:00  Zealot  
  34  4:08  Sentry x2  
  34  4:09  Probe (Chrono Boost)  
  39  4:18  Probe (Chrono Boost)  
  39  4:21  Probe (Chrono Boost)  
  41  4:27  Pylon  
  41  4:29  Probe (Chrono Boost)  
  42  4:32  Sentry x3  
  42  4:33  Probe (Chrono Boost)  
  49  4:39  Probe (Chrono Boost)  
  51  4:45  Probe (Chrono Boost)  
  51  4:52  Pylon  
  51  4:55  Pylon  
  51  4:57  Probe (Chrono Boost)  
  44  5:00  Zealot x5  
  38  5:22  Stalker  
  38  5:23  Stalker x3  
  26  5:51  Stalker x2  
  26  5:52  Stalker  
  26  5:54  Zealot  
  27  6:11  Stalker  
Tags
 
Add a new tag
Caveats
  • Supply blocks, unpowered buildings, or Contaminate may cause inaccurate times.
  • Supply counts are checked every 10 seconds.